 Dungeon Crawl Stone Soup version 0.30-a0-591-g3c58d2bc28 (webtiles) character file.

Game seed: 2276372810676337778

219 purpskrrrp the Shooter (level 5, 0/30 HPs)
             Began as a Deep Elf Hunter on Jan 5, 2023.
             Was an Initiate of Gozag.
             Slain by Sigmund
             ... wielding a +2 vampiric scythe
              (4 damage)
             ... on level 4 of the Dungeon.
             The game lasted 00:05:02 (2784 turns).

purpskrrrp the Shooter (Deep Elf Hunter)            Turns: 2784, Time: 00:05:02

Health: 0/30       AC:  4    Str:  8    XL:     5   Next: 64%
Magic:  1/11       EV: 13    Int: 16    God:    Gozag
Gold:   135        SH:  0    Dex: 18    Spells: 6/10 levels left

rFire   . . .      SeeInvis .    d - +9 staff of Olgreb {rPois∞}
rCold   . . .      Faith    .    (no shield)
rNeg    . . .      Spirit   .    c - +0 leather armour
rPois   ∞          Reflect  .    (no helmet)
rElec   .          Harm     .    (no cloak)
rCorr   .          Rampage  .    (no gloves)
Will    .....                    h - +0 pair of boots
Stlth   ++                       (no amulet)
HPRegen 0.25/turn                (no ring)
MPRegen 0.12/turn                (no ring)

@: no status effects
A: no striking features
a: Renounce Religion, Evoke the Staff of Olgreb, Potion Petition, Call Merchant,
Bribe Branch


You were on level 4 of the Dungeon.
You worshipped Gozag.
Gozag was aware of your devotion.
You visited 1 branch of the dungeon, and saw 4 of its levels.

You collected 135 gold pieces.

Inventory:

Hand Weapons
 a - a +0 shortbow
 d - the +9 staff of Olgreb (weapon) {rPois∞}
   (You acquired it on level 1 of the Dungeon)

   If the wielder is skilled in Evocations, they can envenom those struck by it,
   dealing poison damage which bypasses armour.
   It enhances your poison magic.
   It grants immunity to poison.
   It can be activated via the 'a'bility menu to radiate toxic energy, with
   effectiveness depending on Evocations skill.
Armour
 c - a +0 leather armour (worn)
 h - a +0 pair of boots (worn)
Wands
 k - a wand of flame (17)
Scrolls
 b - 2 scrolls of immolation
 g - 4 scrolls of identify
 i - 3 scrolls of teleportation {unknown}
 j - a scroll of fear {unknown}
Potions
 e - a potion of magic {unknown}
 f - 3 potions of flight
 l - a potion of curing {unknown}


   Skills:
 + Level 2.2 Fighting
 - Level 5.7 Ranged Weapons
 + Level 3.6 Dodging
 + Level 3.1 Stealth
 * Level 3.1 Spellcasting
 + Level 0.3 Poison Magic
 + Level 2.5 Evocations


You had 6 spell levels left.
You knew the following spells:

 Your Spells              Type           Power      Damage    Failure   Level
a - Olgreb's Toxic Radia  Pois           5%         N/A       92%         4

Your spell library contained the following spells:

 Spells                   Type           Power      Damage    Failure   Level
 Call Canine Familiar     Summ           2%         N/A       63%         3
 Portal Projectile        Hex/Tloc       4%         N/A       63%         3
 Leda's Liquefaction      Hex/Erth       1%         N/A       95%         4
 Ozocubu's Refrigeration  Ice            1%         4d7       100%        7
 Ignition                 Fire           1%         3d3       100%        8


Dungeon Overview and Level Annotations

Branches:
Dungeon (4/15)
 Temple: D:4-7

Altars:
Fedhas
Gozag
Nemelex Xobeh

Annotations:
D:4 Sigmund


Message History

No target in view!
No target in view!
No target in view!
No target in view!
No target in view!
No target in view!
Sigmund the Dreaded comes into view.
He is wielding a +2 vampiric scythe.
Sigmund is nearby!
Sigmund is nearby!
You begin to radiate toxic energy.
Sigmund is poisoned.
Sigmund gestures wildly while chanting.
Sigmund flickers and vanishes!
Deactivating autopickup; reactivate with Ctrl-A.
An endoplasm comes into view.
Your toxic aura wanes.
The endoplasm freezes you.
You are frozen.
You hit the endoplasm.
The endoplasm is heavily wounded.
The endoplasm hits you but does no damage.
You hit the endoplasm.
You kill the endoplasm!
No target in view!
No target in view!
No target in view!
No target in view!
No target in view!
No target in view!
A magic dart appears from out of thin air!
The magic dart hits you!
There is a strange disturbance nearby!
There is a strange disturbance nearby!
No target in view!
Something hits you!
* * * LOW HITPOINT WARNING * * *
You sock something! You closely miss something. Something barely misses you.
You closely miss something. Something hits you.
You die...
Your body crumbles into a pile of gold.

##########
......$.<#####
........@..$.#
########.##.#.#
#.. ## ####


There were no monsters in sight!

Vanquished Creatures
  A scorpion (D:3)
  A howler monkey (D:4)
  An orc wizard (D:3)
  4 adders
  2 dart slugs
  5 orcs (D:3)
  3 ball pythons
  3 bats
  5 endoplasms
  4 giant cockroaches
  A goblin (D:1)
  5 hobgoblins
  4 jackals (D:1)
  3 quokkas
  A frilled lizard (D:3)
  A kobold (D:3)
  5 rats
49 creatures vanquished.

Notes
Turn   | Place    | Note
-------+----------+-------------------------------------------
     0 | D:1      | purpskrrrp the Deep Elf Hunter began the quest for the Orb.
     0 | D:1      | Reached XP level 1. HP: 12/12 MP: 3/3
   318 | D:1      | Reached XP level 2. HP: 16/16 MP: 4/4
   851 | D:1      | Identified a scroll of acquirement
   851 | D:1      | Acquired the +9 staff of Olgreb {rPois∞}
   851 | D:1      | Found the +9 staff of Olgreb {rPois∞}
  1012 | D:2      | Reached skill level 1 in Spellcasting
  1012 | D:2      | Reached XP level 3. HP: 16/21 MP: 0/6
  1083 | D:2      | Reached skill level 1 in Evocations
  1382 | D:2      | Found a blossoming altar of Fedhas.
  1585 | D:3      | Reached XP level 4. HP: 25/26 MP: 3/8
  1626 | D:3      | Found a faded altar of an unknown god.
  1665 | D:3      | Found a sparkling altar of Nemelex Xobeh.
  1778 | D:3      | Noticed a scorpion
  1781 | D:3      | Killed a scorpion
  2059 | D:3      | Identified the +4 short sword of Dissolution {flame, +Blink
                  | SInv}
  2132 | D:3      | Reached XP level 5. HP: 30/30 MP: 1/10
  2246 | D:3      | Learned a level 4 spell: Olgreb's Toxic Radiance
  2741 | D:3      | Prayed at the altar of an unknown god.
  2741 | D:3      | Became a worshipper of Gozag Ym Sagoz the Greedy
  2772 | D:4      | Noticed Sigmund
  2784 | D:4      | Slain by Sigmund

Illustrated notes

Levels and vault maps discovered:
D:1:      mainiacjoe_arrival_reflecting_pool, layout_loops_corners
D:2:      layout_rooms, basic_altar
D:3:      layout_loops_ring, old_standard_altar,
          shapermc_ecumenical_altar_starsandcircs, minmay_pentangle
D:4:      layout_loops_ring, nicolae_shop_gadgets, uniq_robin, uniq_pikel,
          uniq_sigmund

Skill      XL: |  1  2  3  4  5 |
---------------+----------------+-----
Stealth        | 2 3 |  3.1
Spellcasting   | 1 2 3 |  3.1
Evocations     | 1 2 |  2.5
Dodging        | 3 |  3.6
Fighting       | 2 |  2.2
Ranged Weapons | |  5.7
Poison Magic   | |  0.3

Action                   |  1- 3 |  4- 6 || total
-------------------------+-------+-------++-------
Melee: Staff             |    29 |    20 ||    49
 Fire: Shortbow          |    38 |       ||    38
 Abil: Evoke the Staff o |     9 |    18 ||    27
  Use: Scroll            |     2 |       ||     2
Armor: Leather armour    |    28 |     1 ||    29
Dodge: Dodged            |    53 |     4 ||    57

Table legend: (Time is in decaauts)
 A = Elapsed time spent in this place.
 B = Non-inter-level travel time spent in this place.
 C = Inter-level travel time spent in this place.
 D = Time resting spent in this place.
 E = Time spent auto-exploring this place.
 F = Levels seen in this place.
 G = Mean time per level.
                   A        B        C        D        E       F      G
               +--------+--------+--------+--------+--------+-----+--------+
         Total |   2806 |   2719 |     87 |      0 |   2399 |   4 |  701.5 |
       Dungeon |   2806 |   2719 |     87 |      0 |   2399 |   4 |  701.5 |
               +--------+--------+--------+--------+--------+-----+--------+

Top non-repeatable levels by time:
     D:3: 1331 daAuts
     D:1: 875 daAuts
     D:2: 576 daAuts
     D:4: 23 daAuts
